 Dungeon Crawl Stone Soup version 0.31-a0-196-g86fe4a5e66 (webtiles) character file.

Game seed: 14528631935385057529

33 qw the Shooter (level 3, 0/20 HPs)
             Began as a Deep Elf Hunter on June 24, 2023.
             Succumbed to an adder's poison
             ... on level 2 of the Dungeon.
             The game lasted 00:00:03 (44 turns).

qw the Shooter (Deep Elf Hunter)                      Turns: 44, Time: 00:00:03

Health: 0/20       AC:  3    Str: 10    XL:     3   Next: 12%
Magic:  5/5        EV: 12    Int: 13    God:
Gold:   0          SH:  0    Dex: 18    Spells: 2/2 levels left

rFire   . . .        a - +0 shortbow
rCold   . . .        (shield currently unavailable)
rNeg    . . .        c - +0 leather armour
rPois   .            (no helmet)
rElec   .            (no cloak)
rCorr   .            (no gloves)
SInv    .            (no boots)
Will    .....        (no amulet)
Stlth   ++           (no ring)
HPRegen 0.23/turn    (no ring)
MPRegen 0.09/turn

%: no passive effects
@: lethally poisoned (0 -> -3), slowed, very slow
A: no striking features
a: no special abilities


You were on level 2 of the Dungeon.
You visited 1 branch of the dungeon, and saw 2 of its levels.


   Skills:
 - Level 1.5 Fighting
 + Level 6.7 Ranged Weapons
 - Level 2.4 Dodging
 - Level 1.2 Stealth


You had 2 spell levels left.
You didn't know any spells.
Your spell library was empty.

Inventory:

Hand Weapons
 a - a +0 shortbow (weapon)
Armour
 c - a +0 leather armour (worn)
Scrolls
 b - a scroll of butterflies

Dungeon Overview and Level Annotations

Branches:
Dungeon (1/15)

Altars:


Message History

The rat is moderately wounded.
You shoot an arrow. The arrow hits the rat.
You kill the rat!
A ball python comes into view.
Found a dagger.
The ball python hisses angrily.
You hear a shout!
Jessica the Apprentice Sorceress comes into view.
She is wielding a +0 club.
You hear an angry hiss.
You shoot an arrow. The arrow hits the ball python.
You kill the ball python!
You shoot an arrow. The arrow hits Jessica.
Jessica is severely wounded.
You shoot an arrow. The arrow barely misses Jessica.
An adder comes into view.
You shoot an arrow. The arrow barely misses Jessica.
Jessica hits you but does no damage.
You shoot an arrow. The arrow barely misses Jessica.
Jessica closely misses you.
You shoot an arrow. The arrow barely misses Jessica.
Jessica casts a spell at you.
You feel yourself slow down.
You shoot an arrow. The arrow hits Jessica.
Jessica is almost dead.
The adder bites you.
You are poisoned.
The adder poisons you!
Jessica points at you and mumbles some strange words.
Pain shoots through your body!
Ouch! That really hurt!
The adder misses you. Jessica closely misses you.
You shoot an arrow. The arrow hits Jessica!
You kill Jessica!
You feel sick. The adder barely misses you. The adder closely misses you.
Your Ranged Weapons skill increases to level 6!
You have reached level 2!
You have reached level 3!
Your experience leads to an increase in your attributes!
Increase (S)trength, (I)ntelligence, or (D)exterity?
You feel stronger. x2
You shoot an arrow. The arrow closely misses the adder.
You die...

#+ #.# 77.77
#.# 7.....7
#.#
...(...77
#.# ..
....77#.#
##. #...7#.#
#.).#...7#.#
#..#..%'.#
#S@.7#.#
#)..7#.#
....77#.#
.....77 #.#
7.....7 #.#
777.77 #.#
#+#######.#
#.........#
###########


You could see an adder.

Vanquished Creatures
  Jessica (D:2)
  A worm (D:2)
  2 ball pythons
  A quokka (D:2)
  A rat (D:2)
6 creatures vanquished.

Notes
Turn   | Place    | Note
-------+----------+-------------------------------------------
     0 | D:1      | qw the Deep Elf Hunter began the quest for the Orb.
     0 | D:1      | Reached XP level 1. HP: 12/12 MP: 3/3
     0 | D:1      | 0 ||| qw: Version: 0.3-a-9-g12657ce
     0 | D:1      | 0 ||| qw: Game counter: 4838
     0 | D:1      | 0 ||| qw: Always use a shield: true
     0 | D:1      | 0 ||| qw: God list: Okawaru
     0 | D:1      | 0 ||| qw: Allow faded altars: false
     0 | D:1      | 0 ||| qw: Do Orc after D:15 true
     0 | D:1      | 0 ||| qw: Do second Lair branch before Depths: true
     0 | D:1      | 0 ||| qw: Lair rune preference: random
     0 | D:1      | 0 ||| qw: Plans: Normal
     0 | D:1      | 0 ||| PLANNING D:1-11
    12 | D:1      | You fall into a shaft and drop 1 floor!
    35 | D:2      | Noticed Jessica
    42 | D:2      | HP: 2/12 [Jessica/nerve-wracking pain (9)]
    43 | D:2      | Killed Jessica
    44 | D:2      | Reached skill level 6 in Ranged Weapons
    44 | D:2      | Reached XP level 2. HP: 1/16 MP: 4/4
    44 | D:2      | Reached XP level 3. HP: 2/20 MP: 5/5
    44 | D:2      | Succumbed to an adder's poison

Levels and vault maps discovered:
D:1:      ncdulo_wetmaze, layout_rooms, chequers_ecumenical_altar_island
D:2:      layout_rooms, serial_glass, glass_columns_b, glass_columns_a,
          kennysheep_generic_room_2, uniq_jessica, uniq_robin

Skill      XL: |  1 |
---------------+----+-----
Ranged Weapons | 6 |  6.7
Fighting       | |  1.5
Dodging        | |  2.4
Stealth        | |  1.2

Action                     || total
---------------------------++-------
   Fire: Shortbow          ||    18
 Armour: Leather armour    ||     1
  Dodge: Dodged            ||     5

Table legend:
 A = Non-vault XP
 B = Vault XP
 C = Vault XP percentage of total XP
 D = Non-vault monster count
 E = Vault monster count
 F = Vault count percentage of total count
                 A         B        C        D         E       F
            +---------+---------+-------+---------+---------+-------
      Total |      10 |      38 |  79.2 |       4 |       2 |  33.3
            +---------+---------+-------+---------+---------+-------
        D:1 |       2 |       0 |   0.0 |       1 |       0 |   0.0
        D:2 |       8 |      38 |  82.6 |       3 |       2 |  40.0
            +---------+---------+-------+---------+---------+-------
